[Event "Szansa Chess Open 2022"]
[Site "Warsaw"]
[Date "2022.09.18"]
[Round "10.17"]
[White "Ivanytska, Liudmyla"]
[Black "Kutowski, Marcel"]
[Result "1-0"]
[ECO "B96"]
[WhiteElo "1845"]
[BlackElo "2046"]
[Annotator "TA"]
[PlyCount "77"]
[EventDate "2022.09.17"]
[EventCountry "POL"]
[SourceTitle "playchess.com"]
[Source "ChessBase"]
[SourceQuality "1"]
[TimeControl "900+10"]

1. e4 c5 2. Nf3 d6 3. d4 cxd4 4. Nxd4 Nf6 5. Nc3 a6 6. Bg5 e6 7. f4 Nbd7 8. Qf3 Qc7 9. O-O-O b5 10. Bd3 Bb7 11. Bxf6 {[%emt 0:00:07] B96: Sicilian Najdorf: 6 Bg5 e6 7 f4, lines other than 7...Qb6 and 7...Be7.} Nxf6 12. g4 Be7 13. h4 {[%emt 0:00:39] The position is equal.} b4 14. Nce2 d5 15. e5 {[%emt 0:00:08] [#]} Ne4 $146 ({Predecessor:} 15... Nd7 16. g5 Nc5 17. h5 O-O-O 18. g6 hxg6 19. hxg6 f6 20. Nxe6 Nxe6 21. Qg4 Kb8 22. Qxe6 Rxh1 23. Rxh1 {½-½ (39) Williams,J (2111)-Wu,C (2204) Wheeling 2012}) 16. Bxe4 (16. Kb1 $11) 16... dxe4 $15 17. Qg3 O-O 18. f5 Bd5 (18... Rac8 $1 $17 {[%cal Oe4e3] Strongly threatening ...e3!} 19. Rhf1 a5) 19. Kb1 Rfc8 (19... Rfd8 $15) 20. Rc1 $2 (20. g5 $1 $11 {and White stays safe.}) 20... a5 $1 $19 21. g5 exf5 ({Stronger than} 21... Qc4 22. b3 Qa6 23. a4 exf5 24. Nxf5 $11) (21... a4 $1 $19 {...Qc4 is the strong threat.} 22. g6 Qc4 23. gxf7+ Kxf7 24. fxe6+ (24. Rcg1 $2 Qxa2+ 25. Kc1 Ke8 $19) 24... Kg8) 22. Nxf5 $15 Bf8 23. Nf4 (23. Rhd1 $15 Qc4 24. Qb3) 23... Qxe5 $17 24. Nh6+ gxh6 25. gxh6+ {[%emt 0:00:01] [#]} Bg7 $1 26. Qxg7+ Qxg7 27. hxg7 Bb7 28. Rhg1 Re8 ({Black should play} 28... Rc5 $17 {Hoping for ...Re8.} 29. Rce1 Rac8) 29. Rcf1 {[%emt 0:00:14] [#]} (29. Nh5 $15 Re6 30. Rce1) 29... Ra6 (29... Re5 $1 $17 {And now ...Rae8 would win.} 30. Re1 Rae8) 30. Nh5 $11 {[%emt 0:00:06] aiming for Kc1.} e3 31. Nf6+ $1 Rxf6 32. Rxf6 {[%emt 0:00:01][%mdl 4096] Endgame KRR-KRB} e2 33. Re1 Bc8 34. Rd6 {[%emt 0:01:28] Inhibits Rd8.} Bg4 35. Kc1 h5 36. c3 bxc3 37. bxc3 f5 38. Kd2 f4 39. Rc1 {[%emt 0:00:21] Weighted Error Value: White=0.22 (precise) /Black=0.26 (precise)} 1-0

[Event "Szansa Chess Open 2022"]
[Site "Warsaw"]
[Date "2022.09.18"]
[Round "10.18"]
[White "Adamski, Adam"]
[Black "Klim, Filip"]
[Result "1/2-1/2"]
[ECO "B20"]
[WhiteElo "1886"]
[BlackElo "2011"]
[Annotator "TA"]
[PlyCount "281"]
[EventDate "2022.09.17"]
[EventCountry "POL"]
[SourceTitle "playchess.com"]
[Source "ChessBase"]
[SourceQuality "1"]
[TimeControl "900+10"]

1. e4 c5 2. b3 Nc6 3. Bb2 e6 4. Nf3 d5 5. Bb5 dxe4 6. Ne5 {[%emt 0:00:04] B40: Sicilian: 2...e6, Unusual lines.} Bd7 7. Bxc6 Bxc6 8. Nxc6 {[%emt 0:00:03] White is slightly better.} ({Reject} 8. Qh5 Qc7 $15) 8... bxc6 9. Qe2 Nf6 {[%emt 0:00:34] [#]} 10. Bxf6 $146 ({Predecessor:} 10. Nc3 Be7 11. Nxe4 O-O 12. O-O Nxe4 13. Qxe4 Qxd2 14. Rad1 Qb4 15. c4 Rfd8 16. Qxc6 {½-½ (41) Lewtak,D (2377)-Godzwon,I (2265) Dzwirzyno 2019}) 10... Qxf6 11. Nc3 Be7 12. O-O O-O 13. Qxe4 Rad8 14. Qxc6 Qf4 15. d3 (15. Ne4 $11) 15... Bf6 $1 $15 16. Ne2 Qd2 17. Rae1 Qxc2 18. Qa4 Rxd3 19. Qxa7 (19. Ng3 $1 $15) 19... Rd2 $17 20. Ng3 Bd4 21. Ne4 Qxa2 22. Qb7 (22. Qxa2 $17 Rxa2 23. Rc1) 22... Rc2 $19 23. b4 f5 24. Nxc5 Rxf2 $40 {[%emt 0:00:31][%mdl 128] Black attacks with force.} 25. Kh1 Rxf1+ 26. Rxf1 Qc4 {[%emt 0:00:07][%csl LRc5,LRf1][%cal Rc4f1] [#]} 27. Qa6 Qxa6 ({Weaker is} 27... Qxb4 28. Nxe6 Rb8 29. Nxd4 Qxd4 30. Qe6+ Kh8 31. Qxf5 $11) 28. Nxa6 {[%emt 0:00:01][%mdl 4096] Endgame KRB-KRN} Rc8 29. Rb1 e5 30. b5 e4 {[%emt 0:00:02] ...e3 is the strong threat.} 31. g3 (31. Nb4 $142) 31... Bb6 32. Nb4 Rd8 {[%emt 0:00:32] Against Nd5} 33. Nc6 Rd2 (33... Rd7 $19 34. Ne5 Rc7) 34. Ne7+ (34. Ne5 $17 Bd4 35. Nc6) 34... Kf7 35. Nxf5 e3 (35... g6 $19 {is more deadly.} 36. Nh4 Ke6) 36. Re1 $17 e2 37. Kg2 Kf6 ({Black should try} 37... h5 $17 {And now ...g6 would win.} 38. Kf3 g5) 38. g4 $11 g6 39. Ng3 {[%emt 0:00:05] aiming for Ne4+.} Rb2 40. Rxe2 Rxb5 41. Ne4+ Kg7 42. Rd2 Be3 43. Rd7+ Kh6 {[%emt 0:00:12] [#]} (43... Kf8 $11) 44. h4 $1 $16 {[%emt 0:00:08][%cal Bh2h4,Bh4h5][%mdl 32] Threatening mate with Nf6.} g5 45. Ng3 ({Of course not} 45. Nxg5 $6 Bxg5 46. Rd6+ Kg7 47. hxg5 Rxg5 $11) 45... Bf4 {[%emt 0:00:10] Strongly threatening ...Rb2+.} 46. Nf5+ Kg6 47. h5+ Kf6 48. Rxh7 Rb2+ 49. Kf3 Rb3+ 50. Ke4 Rb4+ 51. Kd5 {[%emt 0:00:48] White is more active.} Rb5+ 52. Kc4 Rb1 53. Nd4 (53. Nh6 $16) 53... Rg1 $1 $11 {[%emt 0:00:16] The position is equal.} 54. Rh6+ Kf7 55. Kd5 Rxg4 56. Rh7+ Kf6 57. Rh6+ Kf7 $1 58. Nf5 Rg1 59. Ra6 g4 60. Ke4 Bd2 61. h6 Bxh6 62. Nxh6+ {[%emt 0:00:02] KRN-KR} Ke7 63. Nf5+ Kd7 64. Kf4 Rf1+ 65. Kxg4 Rg1+ 66. Kf4 Rf1+ 67. Ke4 Re1+ 68. Ne3 Ke7 69. Kd4 Kd7 70. Nc4 Rd1+ 71. Kc5 Ke7 72. Ne3 Rd3 73. Nf5+ Kf7 74. Nd4 Rd1 75. Kd5 Re1 76. Rb6 Rd1 77. Rb2 Kf6 78. Rf2+ Ke7 79. Ke5 Re1+ 80. Ne2 Ra1 81. Nc3 Re1+ 82. Ne4 Ra1 83. Re2 Ra5+ 84. Kd4 Ra4+ 85. Kd5 {[%emt 0:00:05] Nc5+ would kill now.} Ra5+ 86. Nc5+ Kf6 87. Rf2+ Ke7 88. Rf3 Ra1 89. Re3+ Kf6 90. Ne4+ Kf5 91. Rf3+ Kg4 92. Rf8 Ra5+ 93. Nc5 Ra1 94. Ke5 Ra5 95. Rg8+ Kf3 96. Kd4 Ra1 97. Rf8+ Kg4 98. Nd3 Ra4+ 99. Ke3 Kg5 100. Rf1 Kg6 101. Nc5 Ra3+ 102. Ke4 Ra2 103. Ke5 Ra5 104. Rc1 Ra2 {[%emt 0:00:09] Inhibits Rc2.} 105. Rg1+ Kf7 106. Rf1+ Ke7 107. Rh1 Re2+ 108. Ne4 Kd7 109. Kd5 Kc7 110. Rh3 Re1 111. Rd3 Rh1 112. Ng3 Ra1 113. Rc3+ Kd7 114. Rc5 Rd1+ 115. Ke5 Re1+ 116. Ne4 Re2 117. Kd5 Re1 118. Rc2 Rd1+ 119. Nd2 Rh1 120. Nc4 Rd1+ 121. Nd2 Rh1 122. Nc4 Rd1+ 123. Kc5 Re1 {[%emt 0:00:14] Prevents Re2.} 124. Rd2+ Ke6 125. Rd6+ Kf5 126. Rd8 Kf4 127. Rf8+ Kg3 128. Nd2 Re2 129. Nc4 Re7 130. Nd6 {[%emt 0:00:11] White threatens Nf5+ and mate.} Re1 131. Kd4 Rd1+ 132. Ke5 Kg2 133. Ne4 {[%emt 0:00:09] Against Rd2} Rd7 134. Kf4 Rg7 {[%emt 0:00:10] Against Rg8} 135. Ke3 Ra7 136. Rg8+ Kh3 137. Nf2+ Kh4 138. Nd3 Ra3 139. Ke4 Ra4+ 140. Kf5 Ra5+ 141. Ne5 {[%emt 0:00:02] And White is the lucky defender.  Weighted Error Value: White=0.22 (precise) /Black=0.17 (very precise)} 1/2-1/2

[Event "Szansa Chess Open 2022"]
[Site "Warsaw"]
[Date "2022.09.18"]
[Round "10.19"]
[White "Rak, Maciej"]
[Black "Vasynda, Oleksandr"]
[Result "1/2-1/2"]
[ECO "B21"]
[WhiteElo "1866"]
[BlackElo "1866"]
[Annotator "NA COMBH"]
[PlyCount "55"]
[EventDate "2022.09.17"]
[EventCountry "POL"]
[SourceTitle "playchess.com"]
[Source "ChessBase"]
[SourceQuality "1"]
[TimeControl "900+10"]

1. e4 c5 2. d4 cxd4 3. c3 dxc3 4. Nxc3 Nc6 5. Nf3 d6 6. Bc4 e6 7. O-O Nf6 8. Qe2 Be7 9. Rd1 e5 10. h3 O-O 11. a3 a6 12. Bg5 b5 13. Ba2 Bb7 14. Rd2 h6 15. Bxf6 Bxf6 16. Nd5 Bg5 17. Rd3 Kh8 18. Rad1 f5 19. Nxg5 Qxg5 20. Nc7 Nd4 21. Rxd4 exd4 22. Ne6 Qg6 23. Nxf8 Rxf8 24. Bd5 Bxd5 25. exd5 Qf6 26. Qd3 Re8 27. Kf1 Qe5 28. Qxd4 1/2-1/2

[Event "Szansa Chess Open 2022"]
[Site "Warsaw"]
[Date "2022.09.18"]
[Round "10.20"]
[White "Smykalo, Severyn"]
[Black "Moscicka, Pola"]
[Result "1-0"]
[ECO "E32"]
[WhiteElo "1840"]
[BlackElo "1958"]
[Annotator "TA"]
[PlyCount "91"]
[EventDate "2022.09.17"]
[EventCountry "POL"]
[SourceTitle "playchess.com"]
[Source "ChessBase"]
[SourceQuality "1"]
[TimeControl "900+10"]

1. d4 Nf6 2. c4 e6 3. Nc3 Bb4 4. Qc2 O-O 5. Nf3 d5 6. a3 Bxc3+ 7. Qxc3 b6 8. g3 Bb7 9. Bg2 {[%emt 0:00:02] E32: Nimzo-Indian: Classical (4 Qc2): 4...0-0.} Nbd7 10. O-O Rc8 {[%emt 0:00:45] [#]} 11. Bf4 $146 {[%emt 0:01:21] The position is equal.} ({Predecessor:} 11. cxd5 exd5 12. Rd1 Re8 13. Ne5 c6 14. Bg5 h6 15. Bf4 Nxe5 16. Bxe5 Qe7 17. Bxf6 Qxf6 {0-1 (60) Kim,S (2295)-Zhou,Q (2229) Chess.com INT 2020}) 11... Qe7 12. Rac1 c5 13. dxc5 Nxc5 14. b4 Nce4 15. Qd4 dxc4 16. Rxc4 Rxc4 17. Qxc4 Rc8 18. Qb3 Nc3 19. Re1 Bd5 20. Qb2 Na4 21. Qa1 Nc3 (21... Ne4 $5 ) 22. Be5 Nb5 23. a4 Nd6 24. Rc1 Rxc1+ 25. Qxc1 Nc4 $2 {[%emt 0:00:02][%mdl 8192] [#]} (25... Nde8 $11 {and Black stays safe.}) 26. Bc3 $2 {[%emt 0:00:02] This bishop pair is nice.} (26. Bxf6 $18 gxf6 27. e4) 26... h6 $11 27. Qf4 Ne4 (27... a5 {feels hotter.} 28. Qb8+ Kh7 29. bxa5 Ne4) 28. Be1 Qe8 29. b5 Nc5 30. Qc7 Qa8 31. a5 (31. Bb4 {is interesting.} Qb7 32. Qd8+ Kh7 33. a5) 31... Kh8 {[%emt 0:01:18] White leaves nothing to chance now.} (31... Ne4 $11) 32. a6 (32. Bb4 $16) 32... Kg8 $2 (32... Na3 $1 $14) 33. Bb4 $18 Na4 34. Bf1 Ncb2 $2 (34... g6 35. Nd4 Na5) 35. Ne5 Qe8 36. Nc6 Bc4 37. e4 Bxf1 38. Kxf1 Nd3 39. Bd2 Nab2 40. Qxa7 {[%emt 0:00:24] [#] Black must now prevent Qe7.} Nc4 41. Bc3 {[%emt 0:00:13] aiming for Qe7.} Kh7 42. Qe7 Qa8 43. Qb7 (43. Qxf7 $142 Nde5 44. Bxe5) 43... Qe8 44. a7 Nc5 45. Qb8 (45. a8=Q $142 Qxa8 46. Qxa8 Kg6 47. Ne7+ Kg5 48. Qg8 Ne5 49. Bxe5 Nxe4 50. Qxf7 Nxg3+ 51. fxg3 Kg4 52. Qf4+ Kh5 53. Qh4#) 45... Qd7 46. Qd8 {[%emt 0:00:02] Weighted Error Value: White=0.28 (precise) /Black=0.74} 1-0

[Event "Szansa Chess Open 2022"]
[Site "Warsaw"]
[Date "2022.09.18"]
[Round "10.21"]
[White "Fudala, Dominik"]
[Black "Borawski, Jakub"]
[Result "1/2-1/2"]
[ECO "C77"]
[WhiteElo "1537"]
[BlackElo "2222"]
[Annotator "TA"]
[PlyCount "155"]
[EventDate "2022.09.17"]
[EventCountry "POL"]
[SourceTitle "playchess.com"]
[Source "ChessBase"]
[SourceQuality "1"]
[TimeControl "900+10"]

1. e4 e5 2. Nf3 Nc6 3. Bb5 a6 4. Ba4 Nf6 5. d3 d6 6. h3 g6 $1 {[%emt 0:00:04][%mdl 4] outshines the older 6...Be7. C77: Ruy Lopez: 3...a6 4 Ba4 Nf6, unusual lines.} (6... b5 $5 7. Bb3 $8 Be7 $11) 7. O-O b5 8. Bb3 {[%emt 0:00:02] Black should prevent Ng5.} Bg7 9. c3 O-O 10. d4 Bb7 (10... Nxe4 $2 11. Bd5 Qd7 12. Bxe4 $18) 11. Re1 exd4 12. cxd4 {[%emt 0:00:18] [#]} Na5 $146 (12... Re8 {keeps more tension.} 13. Bg5 Na5 14. Nbd2 h6) ({Predecessor:} 12... h6 13. Bd2 Re8 14. Qc2 Nd7 15. e5 Nf8 16. Na3 dxe5 17. dxe5 Ne6 18. Qc1 Ncd4 19. Nxd4 Nxd4 {1-0 (34) Terao,J (2290)-Coelho,T (1776) Rio de Janeiro 2017}) 13. Bc2 Re8 14. Nbd2 Nc6 15. a3 a5 {[%emt 0:01:28] Prevents b4.} 16. Nf1 a4 17. Bd2 (17. Bg5 {with more complications.} Na5 18. Ng3 c5 19. e5) 17... Na5 18. Ng3 Nc4 19. Bc3 Nd7 20. d5 (20. Nd2 $11) 20... Nxb2 $17 21. Bxb2 Bxb2 22. Rb1 Qf6 23. Bd3 (23. e5 $17 Nxe5 24. Nxe5 Bxe5 25. Ne4) 23... c6 $2 (23... Bxa3 24. Bxb5 Bc8 25. Bxa4 $11) (23... b4 $19 24. Bb5 Red8 25. Bxd7 bxa3) 24. Qc2 $11 {[%emt 0:00:34] [#]} Nc5 $1 25. dxc6 $1 ({Much weaker is} 25. Bxb5 cxb5 26. Rxb2 Nd3 $1 27. Qxd3 (27. Rxb5 $2 Nxe1 28. Nxe1 Ba6 $19) 27... Qxb2 $17) 25... Bxc6 {[%emt 0:00:04][%cal Oa8b8] Threatens to win with ...Rab8! This bishop pair is nice.} 26. Bxb5 $1 Bxb5 27. Qxb2 Qxb2 28. Rxb2 Bc6 29. Rd2 {[%emt 0:00:07] Inhibits Nd3.} Bxe4 (29... Nxe4 {looks sharper.} 30. Nxe4 Bxe4 31. Nd4 Bc6) 30. Rxd6 (30. Nxe4 $11 {remains equal.} Nxe4 31. Rd4) 30... Bxf3 $17 31. Rxe8+ Rxe8 32. gxf3 $11 {[%emt 0:00:01][%mdl 4096] Endgame [#] KRN-KRN} Re1+ $1 33. Kg2 {[%emt 0:00:01] [#]} Ra1 $1 34. Rc6 Nb3 (34... Ne6 $17 35. Rc3 Nf4+ 36. Kh2 Ra2) 35. Ne2 ({Of course not} 35. Rc8+ Kg7 36. Ra8 Rxa3 $17) (35. Ne4 $15) 35... Rxa3 36. Ra6 Ra1 (36... Nc5 $19 37. Ra5 Ne6) 37. Nc3 $17 a3 38. Nb5 {[%emt 0:00:09] Inhibits Nd4.} a2 39. Nc3 Nc1 40. f4 Nd3 41. Rxa2 Nxf4+ 42. Kh2 Rc1 43. Ne2 Rc4 44. Nxf4 Rxf4 {[%emt 0:00:01] KR-KR} 45. Kg3 Rb4 46. Ra3 Kg7 47. Rc3 g5 48. Rf3 Kg6 49. Rc3 h5 50. Rc5 Rb3+ 51. Kg2 f6 52. Rd5 g4 (52... h4 $17 53. Rc5 Kf7 54. Rc7+ Kg6) 53. hxg4 $15 hxg4 54. Rc5 f5 55. Rc4 Kg5 56. Rd4 Rf3 57. Rb4 Rf4 58. Rb8 Ra4 59. Rc8 Kf4 60. Rd8 Ra2 {[%emt 0:00:17] Strongly threatening ...g3.} 61. Rd4+ Ke5 62. Rb4 f4 63. Rb5+ {[%emt 0:00:00] The position is equal.} Kf6 {[%emt 0:00:09] ...g3 is the strong threat.} 64. Rb4 Kg5 {[%emt 0:00:01] White must now prevent ...g3.} 65. Rb5+ Kh4 66. Rf5 $1 f3+ 67. Kg1 $1 Ra1+ 68. Kh2 Ra2 69. Kg1 Rb2 70. Rf8 Kg5 (70... Rb1+ 71. Kh2) 71. Rg8+ Kf5 72. Rf8+ Ke6 73. Rg8 Rb1+ 74. Kh2 Rf1 75. Rxg4 Rxf2+ 76. Kg3 Kf5 {[%emt 0:00:43] ( -> ...Rg2+)} 77. Rf4+ Ke5 78. Rxf3 {[%emt 0:00:02] Black had all chances to win.  Weighted Error Value: White=0.20 (precise) /Black=0.16 (very precise)} 1/2-1/2

[Event "Szansa Chess Open 2022"]
[Site "Warsaw"]
[Date "2022.09.18"]
[Round "10.22"]
[White "Urbaniak, Karol"]
[Black "Jarocka, Liwia"]
[Result "1-0"]
[ECO "B13"]
[WhiteElo "1598"]
[BlackElo "2131"]
[Annotator "TA"]
[PlyCount "129"]
[EventDate "2022.09.17"]
[EventCountry "POL"]
[SourceTitle "playchess.com"]
[Source "ChessBase"]
[SourceQuality "1"]
[TimeControl "900+10"]

1. e4 c6 2. d4 d5 3. exd5 cxd5 4. Bd3 Nc6 5. c3 Nf6 6. h3 e5 7. dxe5 Nxe5 8. Bg5 {[%emt 0:01:59] B13: Caro-Kann: Exchange Variation and Panov-Botvinnik Attack.} (8. Qe2 $11 Qe7 9. Be3) 8... Nxd3+ (8... Bc5 {keeps more tension.} 9. Nf3 Nxd3+ 10. Qxd3 Qe7+) 9. Qxd3 Be7 {[%emt 0:00:05] [#]} 10. Ne2 $146 {[%emt 0:01:59] The position is equal.} ({Predecessor:} 10. Nf3 O-O 11. O-O Be6 12. Nd4 Ne4 13. Bxe7 Qxe7 14. Nd2 Nc5 15. Qf3 g6 16. b4 {½-½ (25) Pozdnyakov,V-Lysukha,N (1759) St Petersburg 2012}) 10... O-O 11. O-O Be6 12. Nd2 h6 13. Bh4 Nd7 14. Bxe7 Qxe7 15. Nf4 Qd6 16. Qd4 Rfd8 17. Rfe1 Nf6 18. Re3 Bf5 19. Re5 Be6 20. Rae1 Re8 {[%emt 0:00:06] [#]} 21. Ne4 $1 Nxe4 22. R5xe4 Rac8 23. Nh5 Qf8 {[%emt 0:00:13] [#]} (23... f6 $142) 24. R4e3 $1 $36 {[%emt 0:00:30][%mdl 2048] Threatens to win with Rg3. White has strong initiative.} Rc4 25. Qe5 {[%emt 0:03:26] White is much more active.} (25. Qd1 $142) 25... f6 26. Qg3 Rc6 27. Nf4 Bf7 (27... Qf7 $16 {was necessary.} 28. Qf3 (28. Nxd5 Rcc8 $16) 28... Bd7) 28. Rxe8 $18 Bxe8 29. Nxd5 Kh7 30. Ne7 Rc5 31. Qd3+ g6 $2 (31... f5 32. b4 Rc7) 32. Nd5 {[%emt 0:00:35] And now Re7+ would win.} Kh8 {[%emt 0:00:40] [#]} (32... Kg7 $142 33. b4 Rc6 34. Re7+ Bf7 35. Rxb7 Re6) 33. Nxf6 $1 Bf7 (33... Rc8 34. Qd4) 34. Qd4 Rc4 35. Qe5 Rc5 36. Nd5+ (36. Qe7 $142 Qxe7 37. Rxe7) 36... Kh7 $2 (36... Qg7) 37. Nf6+ Kh8 38. Qe7 Qxe7 39. Rxe7 {[%emt 0:00:01][%mdl 4096] Endgame KRB-KRN} Kg7 40. Ne4 Rd5 41. Rxb7 Kf8 42. Rxa7 Rd1+ 43. Kh2 Re1 44. Nd6 Bd5 45. c4 Bc6 46. Rf7+ Kg8 47. Rf6 {[%emt 0:00:02] Against Re6. b4 is the strong threat.} Re2 48. b4 Rd2 49. b5 Ba8 50. b6 Kg7 51. Rf7+ Kg8 52. Rf6 Kg7 53. Rf7+ Kg8 54. Rf6 Kg7 $1 55. Ne8+ Kg8 56. c5 Rxa2 57. c6 Re2 58. Nc7 Kg7 {[%emt 0:00:01] [#]} 59. Rd6 (59. Nxa8 $142 $1 Kxf6 60. c7 Re4 61. c8=Q Re7 62. b7 Rxb7 63. Qxb7 g5 64. Nc7) 59... Bxc6 60. Rxc6 {[%emt 0:00:01] Threatening mate with Rc5.} Rxf2 {[%emt 0:00:02] KRN-KR} 61. b7 Rb2 62. Ne6+ Kf7 63. Nc5 {[%emt 0:00:02] White wants to mate with Rc7+.} Ke7 64. Rc8 (64. Rxg6 $142 h5 65. Rg7+ Kd6 66. Na6 Ke6 67. b8=Q Rxb8 68. Nxb8 Kf6 69. Rh7) 64... Rb5 65. b8=Q {[%emt 0:00:03] Weighted Error Value: White=0.48/Black=0.34} 1-0

[Event "Szansa Chess Open 2022"]
[Site "Warsaw"]
[Date "2022.09.18"]
[Round "10.23"]
[White "Siekanska, Zuzanna"]
[Black "Piotrowski, Daniel"]
[Result "1/2-1/2"]
[ECO "B24"]
[WhiteElo "1898"]
[BlackElo "1758"]
[Annotator "NA COMBH"]
[PlyCount "114"]
[EventDate "2022.09.17"]
[EventCountry "POL"]
[SourceTitle "playchess.com"]
[Source "ChessBase"]
[SourceQuality "1"]
[TimeControl "900+10"]

1. Nc3 c5 2. e4 Nc6 3. Be2 e5 4. d3 Nge7 5. f4 g6 6. Nf3 Bg7 7. O-O O-O 8. fxe5 Nxe5 9. Nxe5 Bxe5 10. Bg5 f6 11. Bf4 d6 12. Rb1 Be6 13. a3 Qd7 14. Qd2 Rad8 15. Rf2 b6 16. Rbf1 Bxf4 17. Qxf4 Rf7 18. g4 d5 19. Qg3 Nc6 20. Rxf6 Nd4 21. Bd1 Rdf8 22. g5 dxe4 23. Nxe4 Nf5 24. Qe5 Qd4+ 25. Qxd4 Nxd4 26. c3 Nc6 27. Rxf7 Rxf7 28. Nf6+ Kg7 29. Re1 Bf5 30. Bf3 Re7 31. Rxe7+ Nxe7 32. d4 cxd4 33. cxd4 Nc8 34. Ne4 h6 35. gxh6+ Kxh6 36. Kf2 g5 37. d5 Kg6 38. Ke3 Bxe4 39. Bxe4+ Kf6 40. Kd4 Nd6 41. Bd3 Nb7 42. b4 Nd6 43. a4 Nb7 44. d6 Nxd6 45. Kd5 Ke7 46. Kc6 Nf7 47. Kb7 Kd6 48. Kxa7 Kc7 49. b5 Nd6 50. Ka6 Nb7 51. Ka7 Nd6 52. Bc2 Nc8+ 53. Ka6 Nd6 54. Bd3 Nb7 55. Ka7 Nd6 56. a5 Nxb5+ 57. Bxb5 bxa5 1/2-1/2

[Event "Szansa Chess Open 2022"]
[Site "Warsaw"]
[Date "2022.09.18"]
[Round "10.24"]
[White "Wydmanski, Szymon"]
[Black "Chomczyk, Marek"]
[Result "0-1"]
[ECO "A05"]
[WhiteElo "1809"]
[BlackElo "2327"]
[Annotator "ChessBase"]
[PlyCount "142"]
[EventDate "2022.09.17"]
[EventCountry "POL"]
[SourceTitle "playchess.com"]
[Source "ChessBase"]
[SourceQuality "1"]
[TimeControl "900+10"]

1. Nf3 Nf6 2. e3 c5 3. d4 d5 4. b3 cxd4 5. exd4 Nc6 6. Bb2 Bf5 7. Bd3 Bxd3 8. Qxd3 e6 9. a3 Bd6 10. Nbd2 O-O 11. O-O Rc8 12. Ne5 Nd7 13. f4 Qc7 14. Ndf3 f6 15. Nxd7 Qxd7 16. Nd2 Qc7 17. g3 Ne7 18. c4 b6 19. Rae1 Qd7 20. Qe2 Kf7 21. Qh5+ Kg8 22. Qe2 Kf7 23. Qh5+ Kg8 24. Qe2 Rc6 25. Qxe6+ Qxe6 26. Rxe6 Bxa3 27. Rxc6 Bxb2 28. Rc7 Bxd4+ 29. Kh1 Bc5 30. Re1 dxc4 31. Nxc4 Nf5 32. Rxa7 b5 33. Ra5 Nd4 34. Na3 Bb4 35. Rd1 Bxa5 36. Rxd4 Bc3 37. Rd3 b4 38. Nb5 Rc8 39. Kg2 Bb2 40. Rd2 Bc1 41. Rd4 Rc2+ 42. Kf3 Ba3 43. Nxa3 Rc3+ 44. Ke2 bxa3 45. b4 Rc2+ 46. Kd3 Rxh2 47. b5 Rb2 48. Ra4 a2 49. Kc4 Kf7 50. Kc5 Ke6 51. b6 Rc2+ 52. Kb5 Kd7 53. Ka6 Kc8 54. Ka7 Rb2 55. Rc4+ Kd7 56. Ra4 Kc6 57. Ra3 Rxb6 58. Rxa2 Rb3 59. Rh2 h6 60. Rg2 Kd5 61. g4 Ke4 62. g5 hxg5 63. fxg5 f5 64. Re2+ Kf4 65. g6 Kg5 66. Rg2+ Kf6 67. Ka6 f4 68. Ka5 f3 69. Rf2 Kxg6 70. Ka4 Re3 71. Kb4 Kf5 0-1

[Event "Szansa Chess Open 2022"]
[Site "Warsaw"]
[Date "2022.09.18"]
[Round "11.1"]
[White "Gumularz, Szymon"]
[Black "Kosakowski, Jakub"]
[Result "1-0"]
[ECO "E92"]
[WhiteElo "2532"]
[BlackElo "2457"]
[Annotator "ChessBase"]
[PlyCount "75"]
[EventDate "2022.09.17"]
[EventCountry "POL"]
[SourceTitle "playchess.com"]
[Source "ChessBase"]
[SourceQuality "1"]
[TimeControl "900+10"]

1. Nf3 Nf6 2. c4 g6 3. Nc3 Bg7 4. e4 d6 5. d4 O-O 6. Be2 e5 7. Be3 Ng4 8. Bg5 f6 9. Bc1 Nc6 10. d5 Nd4 11. h3 Nxe2 12. Qxe2 Nh6 13. g4 c5 14. Rg1 Nf7 15. Be3 Kh8 16. h4 f5 17. g5 Bd7 18. h5 f4 19. hxg6 fxe3 20. gxf7 exf2+ 21. Qxf2 Rxf7 22. O-O-O Rf4 23. Qe3 Qe7 24. Ne2 Rg4 25. Rxg4 Bxg4 26. Rg1 Qd7 27. Ng3 Qa4 28. Kb1 Qxc4 29. Nf5 Bxf5 30. exf5 e4 31. f6 Bf8 32. g6 hxg6 33. Ng5 Kg8 34. Rh1 Bh6 35. Rxh6 Qf1+ 36. Qc1 Qxf6 37. Ne6 Qf5 38. Rh8+ 1-0

[Event "Szansa Chess Open 2022"]
[Site "Warsaw"]
[Date "2022.09.18"]
[Round "11.2"]
[White "Nasuta, Grzegorz"]
[Black "Lewtak, Damian"]
[Result "1/2-1/2"]
[ECO "B00"]
[WhiteElo "2531"]
[BlackElo "2386"]
[Annotator "ChessBase"]
[PlyCount "28"]
[EventDate "2022.09.17"]
[EventCountry "POL"]
[SourceTitle "playchess.com"]
[Source "ChessBase"]
[SourceQuality "1"]
[TimeControl "900+10"]

1. e4 Nc6 2. d4 d5 3. e5 g6 4. c3 Bg7 5. Bd3 h5 6. Bg5 Nh6 7. Ne2 Bf5 8. Bxh6 Bxh6 9. Bxf5 gxf5 10. Ng3 e6 11. Nxh5 Qg5 12. g3 Qc1 13. Nf6+ Ke7 14. Qxc1 Bxc1 1/2-1/2

[Event "Szansa Chess Open 2022"]
[Site "Warsaw"]
[Date "2022.09.18"]
[Round "11.3"]
[White "Psyk, Radoslaw"]
[Black "Jakubowski, Krzysztof"]
[Result "0-1"]
[ECO "C90"]
[WhiteElo "2404"]
[BlackElo "2466"]
[Annotator "ChessBase"]
[PlyCount "78"]
[EventDate "2022.09.17"]
[EventCountry "POL"]
[SourceTitle "playchess.com"]
[Source "ChessBase"]
[SourceQuality "1"]
[TimeControl "900+10"]

1. e4 e5 2. Nf3 Nc6 3. Bb5 a6 4. Ba4 Nf6 5. O-O Be7 6. Re1 b5 7. Bb3 d6 8. c3 O-O 9. d3 Na5 10. Bc2 c5 11. Nbd2 Re8 12. Nf1 Bf8 13. Ng3 h6 14. h3 Nc6 15. d4 exd4 16. cxd4 cxd4 17. Nxd4 Bb7 18. Ndf5 d5 19. Bd2 Nb4 20. e5 Nxc2 21. Qxc2 Ne4 22. Nxe4 dxe4 23. Bf4 Rc8 24. Qe2 Rc6 25. Rad1 Qc8 26. Qh5 Rg6 27. Re3 Qc2 28. Nd6 Bxd6 29. exd6 Rd8 30. d7 Bc6 31. Qe5 Qxd1+ 32. Kh2 Qxd7 33. Bg3 Re6 34. Qc5 Qe7 35. Qb6 Rd3 36. Re1 e3 37. fxe3 Rd2 38. Rg1 Bxg2 39. Qb8+ Qe8 0-1

[Event "Szansa Chess Open 2022"]
[Site "Warsaw"]
[Date "2022.09.18"]
[Round "11.4"]
[White "Nguyen, Piotr"]
[Black "Zochowski, Kacper"]
[Result "1-0"]
[ECO "A20"]
[WhiteElo "2421"]
[BlackElo "2257"]
[Annotator "ChessBase"]
[PlyCount "91"]
[EventDate "2022.09.17"]
[EventCountry "POL"]
[SourceTitle "playchess.com"]
[Source "ChessBase"]
[SourceQuality "1"]
[TimeControl "900+10"]

1. c4 e5 2. g3 d6 3. Bg2 Nf6 4. Nc3 Be7 5. e4 O-O 6. Nge2 Be6 7. d3 Qd7 8. h3 c6 9. f4 exf4 10. Nxf4 c5 11. O-O Nc6 12. Be3 Rab8 13. b3 a6 14. g4 b5 15. Qf3 b4 16. Ncd5 Bxd5 17. exd5 Ne5 18. Qg3 Ng6 19. Ne2 h5 20. g5 h4 21. Qf3 Nh7 22. Qh5 Qd8 23. Rf5 Ne5 24. Qxh4 g6 25. Rff1 Nxg5 26. Qg3 Nh7 27. d4 Bh4 28. Qh2 cxd4 29. Nxd4 Re8 30. Bf4 Qb6 31. Rad1 Nf6 32. Kh1 Nh5 33. Nc6 Rb7 34. Bf3 Nxf3 35. Rxf3 Rd7 36. Bxd6 Qb7 37. Rdf1 Qc8 38. Bxb4 f5 39. Bc3 f4 40. Qc2 Ng3+ 41. Rxg3 Bxg3 42. Qxg6+ Kf8 43. Qxg3 Rf7 44. Bb4+ Ree7 45. Bxe7+ Ke8 46. Qg8+ 1-0